 Dungeon Sprint DCSS version 0.16.1-28-gcc2312f (webtiles) character file.

2121 Kidiri the Thaumaturge (level 9, -4/45 HPs)
             Began as a Deep Elf Summoner on May 29, 2015.
             Was the Champion of Sif Muna.
             Slain by a shadow wraith (9 damage)
             ... in the Dungeon (Sprint VII: "The Pits").
             The game lasted 00:25:30 (2038 turns).

Kidiri the Thaumaturge (Deep Elf Summoner)          Turns: 2038, Time: 00:25:30

Health: -4/45      AC:  9    Str:  5      XL:     9   Next: 8%
Magic:  4/32       EV: 13    Int: 24      God:    Sif Muna [******]
Gold:   0          SH:  0    Dex: 14 (15) Spells: 10 memorised, 1 level left

rFire  . . .     SeeInvis .     u - +2 rapier (flame)
rCold  . . .     Clarity  .     a - +0 robe
rNeg   . . .     SustAb   .     (no shield)
rPois  .         Gourm    .     v - +0 helmet
rElec  .         Spirit   .     (no cloak)
rCorr  .         Warding  .     (no gloves)
rMut   .         NoTele   +     (no boots)
MR     .....                    (no amulet)
Stlth  ++........               s - +3 ring of protection
                                r - +3 ring of protection

@: very slightly contaminated, slowed, invisible, very slow, not resistant to
hostile enchantments, unstealthy
A: no striking features
a: Channel Energy, Forget Spell, Renounce Religion


You were in the Dungeon.
You worshipped Sif Muna.
Sif Muna was exalted by your worship.
You were not hungry.

You visited 1 branch

Inventory:

Hand weapons
 d - a +1 dagger of draining
 u - a +2 rapier of flaming (weapon)
 x - a +0 dagger
Armour
 a - a +0 robe (worn)
 v - a +0 helmet (worn)
Jewellery
 r - a +3 ring of protection (left hand)
 s - a +3 ring of protection (right hand)
Scrolls
 m - 3 scrolls of remove curse
 n - 5 scrolls of amnesia
 o - a scroll of summoning
Potions
 e - 10 potions of heal wounds
 f - a potion of haste
 g - 3 potions of magic
 h - 5 potions of berserk rage
 l - a potion of invisibility
 q - 8 potions of curing
 t - a potion of resistance
Books
 b - a book of Callings

   Spells                             Type                      Level
   a - Summon Small Mammal            Summoning                    1
   b - Call Imp                       Summoning                    2
   c - Call Canine Familiar           Summoning                    3
   d - Summon Guardian Golem          Hexes/Summoning              4
   e - Summon Lightning Spire         Summoning/Air                4
   f - Summon Ice Beast               Ice/Summoning                4
 p - Phinluj's Disquisition on the Glacier and Confrontation
   (Sif Muna gifted it to you in the Dungeon)

   Spells                             Type                      Level
   a - Freeze                         Ice                          1
   b - Ensorcelled Hibernation        Hexes/Ice                    2
   c - Throw Icicle                   Conjuration/Ice              4
   d - Freezing Cloud                 Conjuration/Ice/Air          6
   e - Ozocubu's Refrigeration        Ice                          6
 w - a book of Maledictions

   Spells                             Type                      Level
   a - Corona                         Hexes                        1
   b - Sure Blade                     Hexes/Charms                 2
   c - Ensorcelled Hibernation        Hexes/Ice                    2
   d - Confuse                        Hexes                        3
   e - Dazzling Spray                 Conjuration/Hexes            3
   f - Enslavement                    Hexes                        4
 y - Grug Usitz's Catalogue of Lethal Summoning
   (Sif Muna gifted it to you in the Dungeon)

   Spells                             Type                      Level
   a - Summon Butterflies             Summoning                    1
   b - Summon Small Mammal            Summoning                    1
   c - Corpse Rot                     Necromancy                   2
   d - Summon Ice Beast               Ice/Summoning                4
   e - Animate Dead                   Necromancy                   4
   f - Haunt                          Necromancy/Summoning         7
Comestibles
 c - 8 bread rations
 j - 40 fruits
 k - 6 meat rations


   Skills:
 - Level 2.4 Dodging
 - Level 2.4 Stealth
 + Level 12.4 Spellcasting
 * Level 7.3 Conjurations
 + Level 10.5 Hexes
 + Level 11.3 Summonings
 + Level 8.9 Ice Magic
 + Level 8.1 Air Magic


You had one spell level left.
You knew the following spells:

 Your Spells              Type           Power        Failure   Level  Hunger
a - Summon Small Mammal   Summ           ####         1%          1    None
b - Call Imp              Summ           ######..     1%          2    None
c - Call Canine Familiar  Summ           ######..     1%          3    None
d - Summon Guardian Gole  Hex/Summ       ######..     1%          4    None
e - Summon Ice Beast      Ice/Summ       ######..     1%          4    None
f - Summon Lightning Spi  Summ/Air       ######..     1%          4    None
g - Freeze                Ice            ####         1%          1    None
h - Ensorcelled Hibernat  Hex/Ice        ######       1%          2    None
i - Throw Icicle          Conj/Ice       ######..     1%          4    None
j - Freezing Cloud        Conj/Ice/Air   ######....   24%         6    #####..


Dungeon Overview and Level Annotations

Branches:
Dungeon (1/1)

Altars:
Ashenzari
Cheibriados
Dithmenos
Elyvilon
Fedhas
Gozag
Kikubaaqudgha
Makhleb
Nemelex Xobeh
Okawaru
Qazlal
Ru
Sif Muna
Trog
Vehumet
Xom
Yredelemnul
Zin
The Shining One
Beogh
Jiyva
Lugonu


Message History

Your ice beast dies!
Press: ? - help, v - describe, . - travel, g - get item A throwing net.
The floor.
Read which item? (? for menu, Esc to quit)
Blink to where?
Press: ? - help, Dir - move target cursor You are very lightly contaminated with residual magic.
As you read the scroll of blinking, it crumbles to dust.
Drink which item? (? for menu, Esc to quit)
You fade into invisibility!
There is a large open door here.
Something hits you.
* * * LOW HITPOINT WARNING * * *
Something drains your vigour!
You feel as though you will be slow longer.
* * * LOW HITPOINT WARNING * * *
There is a huge open gate to the Metal Vault (Medium) here.
Something hits you!
You die...

____# +##############++######
.+..##................#
.#?(##......#..#......#
+#####................+
.....+................+
+#####......#..#......#
.#..##................#
.#))#####+#####'@######
##))##.......##''##### #######
.#).##.......##.m....# .......
.#[[##.......##......# Y..§§
##+###...<...###....## ####o§§##
....##.......# ##om## ###..'§§§'
....##.......###....###....##§##
######.......##......#.÷..##m§)##
.#..###########......÷..†.†(ss.m'


You could see 2 merfolk and an orc priest.

Vanquished Creatures
  Purgy (D)
  An iguana (D)
  2 sheep (D)
4 creatures vanquished.

Vanquished Creatures (collateral kills)
  An elephant (D)
  2 black mambas (D)
  An ice beast (D)
  A gargoyle (D)
  A komodo dragon (D)
  A guardian mummy (D)
  A polar bear (D)
  Prince Ribbit (D)
  A shadow (D)
  A ynoxinul (D)
  5 yaks (D)
  A soldier ant (D)
  A porcupine (D)
  A black bear (D)
  A phantom (D)
  3 wights (D)
  A crimson imp (D)
  A quasit (D)
  A jelly (D)
  A gnoll shaman (D)
  An iron imp (D)
  4 sheep (D)
  A river rat (D)
  5 gnolls (D)
  An adder (D)
  2 giant mites (D)
  A giant gecko (D)
  3 orcs (D)
  A giant cockroach (D)
  4 goblins (D)
  2 ball pythons (D)
  A giant newt (D)
53 creatures vanquished.

Vanquished Creatures (others)
  3 guardian golems (D)
  12 ice beasts (D)
  A wolf (D)
  2 lightning spires (D)
  2 hounds (D)
  A crimson imp (D)
  A shadow imp (D)
  6 white imps (D)
  3 bats (D)
  5 quokkas (D)
  2 rats (D)
38 creatures vanquished.

Grand Total: 95 creatures vanquished

Notes
Turn   | Place    | Note
--------------------------------------------------------------
     0 | D        | Kidiri, the Deep Elf Summoner, began the quest for the Orb.
     0 | D        | Reached XP level 1. HP: 10/10 MP: 5/5
    65 | D        | Found a sacrificial altar of Ru.
    65 | D        | Found a basalt altar of Yredelemnul.
    65 | D        | Found a shadowy altar of Dithmenos.
    65 | D        | Found a deep blue altar of Sif Muna.
    65 | D        | Found a burning altar of Makhleb.
    65 | D        | Found a shimmering altar of Xom.
    65 | D        | Found an ancient bone altar of Kikubaaqudgha.
    65 | D        | Found a sparkling altar of Nemelex Xobeh.
    66 | D        | Found a glowing golden altar of the Shining One.
    66 | D        | Found a bloodstained altar of Trog.
    66 | D        | Found a shattered altar of Ashenzari.
    66 | D        | Found a white marble altar of Elyvilon.
    66 | D        | Found a snail-covered altar of Cheibriados.
    66 | D        | Found a blossoming altar of Fedhas.
    66 | D        | Found a radiant altar of Vehumet.
    66 | D        | Found a glowing silver altar of Zin.
    66 | D        | Found a corrupted altar of Lugonu.
    66 | D        | Found a viscous altar of Jiyva.
    66 | D        | Found a roughly hewn altar of Beogh.
    66 | D        | Found an iron altar of Okawaru.
    69 | D        | Became a worshipper of Sif Muna the Loreminder
    73 | D        | Found a stormy altar of Qazlal.
    74 | D        | Found an opulent altar of Gozag.
   126 | D        | Reached skill level 5 in Summonings
   231 | D        | Noticed an iron imp
   247 | D        | Reached XP level 2. HP: 15/15 MP: 2/10
   252 | D        | Killed an iron imp
   252 | D        | Acquired Sif Muna's first power
   252 | D        | Reached skill level 5 in Spellcasting
   252 | D        | Reached skill level 6 in Summonings
   278 | D        | Learned a level 2 spell: Call Imp
   362 | D        | Noticed a wight
   373 | D        | Noticed a phantom
   375 | D        | Noticed a gnoll shaman
   385 | D        | Noticed a wight
   416 | D        | Killed a wight
   416 | D        | Reached XP level 3. HP: 10/19 MP: 12/16
   421 | D        | Learned a level 3 spell: Call Canine Familiar
   425 | D        | Killed a gnoll shaman
   425 | D        | Acquired Sif Muna's second power
   425 | D        | Reached skill level 7 in Spellcasting
   442 | D        | Noticed a wight
   449 | D        | Killed a wight
   449 | D        | Reached skill level 8 in Spellcasting
   449 | D        | Reached XP level 4. HP: 15/24 MP: 9/21
   469 | D        | Killed a wight
   469 | D        | Reached skill level 9 in Spellcasting
   485 | D        | Learned a level 4 spell: Summon Guardian Golem
   490 | D        | Learned a level 4 spell: Summon Ice Beast
   495 | D        | Learned a level 4 spell: Summon Lightning Spire
   521 | D        | Noticed an iguana
   531 | D        | Killed an iguana
   531 | D        | Reached skill level 1 in Hexes
   531 | D        | Reached skill level 1 in Ice Magic
   531 | D        | Reached skill level 1 in Air Magic
   531 | D        | Reached XP level 5. HP: 21/28 MP: 19/24
   543 | D        | Killed a phantom
   657 | D        | Noticed Prince Ribbit
   664 | D        | Killed Prince Ribbit
   664 | D        | Acquired Sif Muna's third power
   664 | D        | Reached skill level 10 in Spellcasting
   664 | D        | Reached skill level 5 in Hexes
   664 | D        | Reached XP level 6. HP: 32/32 MP: 7/26
   666 | D        | Noticed a ynoxinul
   670 | D        | Killed a ynoxinul
   670 | D        | Reached skill level 5 in Ice Magic
   736 | D        | Noticed a jelly
   736 | D        | Noticed a crimson imp
   738 | D        | Killed a crimson imp
   743 | D        | Killed a jelly
   851 | D        | Noticed a porcupine
   851 | D        | Noticed an elephant
   851 | D        | Noticed a komodo dragon
   853 | D        | Killed a porcupine
   853 | D        | Reached skill level 5 in Air Magic
   983 | D        | Killed a komodo dragon
   983 | D        | Received a gift from Sif Muna
   983 | D        | Reached XP level 7. HP: 36/36 MP: 10/28
   984 | D        | Identified Phinluj's Disquisition on the Glacier and Confrontation (Sif Muna gifted it to you in the Dungeon)
   990 | D        | Killed an elephant
   990 | D        | Reached skill level 11 in Spellcasting
   990 | D        | Reached skill level 10 in Summonings
   993 | D        | Learned a level 1 spell: Freeze
   996 | D        | Learned a level 2 spell: Ensorcelled Hibernation
  1001 | D        | Learned a level 4 spell: Throw Icicle
  1202 | D        | Noticed a black bear
  1202 | D        | Noticed a shadow
  1202 | D        | Noticed a gargoyle
  1204 | D        | Killed a black bear
  1204 | D        | Reached skill level 1 in Conjurations
  1211 | D        | Killed a gargoyle
  1211 | D        | Received a gift from Sif Muna
  1217 | D        | Killed a shadow
  1306 | D        | Noticed a polar bear
  1306 | D        | Noticed a guardian mummy
  1306 | D        | Noticed a black mamba
  1314 | D        | Killed a black mamba
  1314 | D        | Reached XP level 8. HP: 41/41 MP: 4/30
  1350 | D        | Killed a polar bear
  1591 | D        | Killed a guardian mummy
  1591 | D        | Reached skill level 5 in Conjurations
  1684 | D        | Noticed a black mamba
  1687 | D        | Killed a black mamba
  1687 | D        | Received a gift from Sif Muna
  1687 | D        | Reached skill level 12 in Spellcasting
  1688 | D        | Identified Grug Usitz's Catalogue of Lethal Summoning (Sif Muna gifted it to you in the Dungeon)
  1696 | D        | Learned a level 6 spell: Freezing Cloud
  1697 | D        | Noticed a quasit
  1709 | D        | Killed a quasit
  1709 | D        | Reached skill level 10 in Hexes
  1904 | D        | Noticed a soldier ant
  1904 | D        | Noticed a yak
  1904 | D        | Noticed a yak
  1904 | D        | Noticed a yak
  1907 | D        | Noticed a yak
  1907 | D        | Killed a yak
  1908 | D        | Noticed a yak
  1912 | D        | Killed a soldier ant
  1913 | D        | Killed a yak
  1913 | D        | Killed a yak
  1916 | D        | Killed a yak
  1918 | D        | Killed a yak
  1918 | D        | Reached XP level 9. HP: 36/45 MP: 14/32
  2003 | D        | Noticed an orc priest
  2004 | D        | Noticed Purgy
  2018 | D        | Killed Purgy
  2025 | D        | Noticed a redback
  2025 | D        | Noticed a redback
  2025 | D        | Noticed a redback
  2025 | D        | Noticed a merfolk
  2025 | D        | Noticed a merfolk
  2027 | D        | Noticed a merfolk impaler
  2038 | D        | Slain by a shadow wraith

Action                   |  1- 3 |  4- 6 |  7- 9 || total
-------------------------+-------+-------+-------++-------
Melee: Unarmed           |     3 |       |       ||     3
       Dagger            |       |     2 |       ||     2
       Rapier            |       |       |     6 ||     6
 Cast: Summon Small Mamm |    22 |       |     1 ||    23
       Call Imp          |     8 |     1 |       ||     9
       Call Canine Famil |     3 |     2 |       ||     5
       Summon Lightning  |       |     5 |     7 ||    12
       Summon Ice Beast  |       |    12 |    23 ||    35
       Summon Guardian G |       |     1 |     6 ||     7
       Ensorcelled Hiber |       |       |     1 ||     1
       Freeze            |       |       |     2 ||     2
       Freezing Cloud    |       |       |     1 ||     1
       Throw Icicle      |       |       |     1 ||     1
  Use: Potion            |     2 |     1 |     2 ||     5
       Scroll            |       |       |     1 ||     1
  Eat: Meat ration       |       |       |     1 ||     1
